 Dungeon Crawl Stone Soup version 0.29-a0-271-gd4eb659eea (webtiles) character file.

Game seed: 1467110158172714524

1033 jmlagarto the Quickloader (level 8, -6/64 (67) HPs)
             Began as a Minotaur Hunter on Mar 8, 2022.
             Killed by drain life
             ... invoked by a soul eater
             ... summoned by a kobold demonologist
              (15 damage)
             ... on level 6 of the Dungeon.
             The game lasted 00:13:42 (5391 turns).

jmlagarto the Quickloader (Minotaur Hunter)         Turns: 5391, Time: 00:13:43

HP:   -6/64 (67)    AC:  8    Str: 16    XL:     8   Next: 3%
MP:   7/7           EV: 12    Int:  8    God:
Gold: 370           SH:  0    Dex: 14    Spells: 7/7 levels left

rFire   + . .      SeeInvis .   f - +2 hand axe (venom)
rCold   . . .      Faith    .   (no shield)
rNeg    . . .      Spirit   .   b - +3 leather armour
rPois   +          Reflect  .   n - +2 hat {Stlth+}
rElec   .          Harm     .   (no cloak)
rCorr   .          Rampage  .   (no gloves)
Will    .....                   (no boots)
Stlth   ++........              (no amulet)
HPRegen 0.20/turn               k - ring of poison resistance
MPRegen 0.10/turn               e - ring of protection from fire

@: lightly drained
A: horns 2, retaliatory headbutt
a: no special abilities


You were on level 6 of the Dungeon.
You visited 1 branch of the dungeon, and saw 6 of its levels.

You collected 370 gold pieces.

Inventory:

Hand Weapons
 a - a +2 hand crossbow
 f - a +2 hand axe of venom (weapon)
 u - the +6 hunting sling of Peank {vorpal, Will+}
   (You found it on level 3 of the Dungeon)

   Any ammunition fired from it inflicts extra damage upon your enemies.
   Will:      It increases your willpower.
Missiles
 h - 19 poisoned darts
 v - 120 stones
Armour
 b - a +3 leather armour (worn)
 g - a +0 buckler
 n - a +2 hat of stealth (worn)
Jewellery
 e - a ring of protection from fire (right hand)
 k - a ring of poison resistance (left hand)
 q - a ring of magical power
 s - a +6 ring of strength
 B - a +6 ring of strength
Wands
 y - a wand of mindburst (10)
 C - a wand of iceblast (11)
Scrolls
 c - 3 scrolls of enchant armour
 l - a scroll of silence {unknown}
 t - a scroll of fog
 w - a scroll of brand weapon {unknown}
 z - 2 scrolls of blinking {unknown}
Potions
 d - a potion of flight
 j - a potion of heal wounds {unknown}
 m - 2 potions of magic
 o - 2 potions of resistance {unknown}
 p - 2 potions of attraction {unknown}
 r - 2 potions of brilliance {unknown}
 A - a potion of might {unknown}


   Skills:
 + Level 4.9 Fighting
 * Level 4.8 Axes
 + Level 8.3 Crossbows
 + Level 3.2 Armour
 + Level 3.3 Dodging
 - Level 0.7 Stealth


You had 7 spell levels left.
You didn't know any spells.
Your spell library contained the following spells:

 Spells                   Type           Power      Damage    Failure   Level
 Animate Skeleton         Necr           0%         N/A       45%         1
 Apportation              Tloc           0%         N/A       45%         1
 Magic Dart               Conj           0%         1d3       45%         1
 Summon Small Mammal      Summ           0%         N/A       45%         1
 Corpse Rot               Necr/Air       0%         N/A       61%         2
 Poisonous Vapours        Pois/Air       0%         N/A       61%         2
 Searing Ray              Conj           0%         2d4       61%         2
 Dazzling Flash           Conj/Hex       0%         N/A       83%         3
 Ozocubu's Armour         Ice            0%         N/A       83%         3
 Stone Arrow              Conj/Erth      0%         3d7       83%         3
 Animate Armour           Summ/Erth      0%         N/A       99%         4
 Fulminant Prism          Conj/Hex       0%         3d6       99%         4
 Iskenderun's Mystic Bla  Conj/Tloc      0%         2d3       99%         4
 Starburst                Conj/Fire      0%         6d3       100%        6
 Ozocubu's Refrigeration  Ice            0%         4d5       100%        7
 Lehudib's Crystal Spear  Conj/Erth      0%         10d2      100%        8


Dungeon Overview and Level Annotations

Branches:
Dungeon (6/15)             Temple (0/1) D:6

Altars:

Shops:
D:3 *[

Annotations:
D:6 1 transporter


Innate Abilities, Weirdness & Mutations

You have a pair of horns on your head.
You reflexively headbutt those who attack you in melee.


Message History

The shadow imp gestures at you. Pain shoots through your body!
The iron imp hits you.
Aiming: Iceblast
Press: ? - help, Shift-Dir - straight line, p - kobold demonologist You can't see that place. [some shallow water.]
Okay, then.
The kobold demonologist casts a spell.
Aiming: Iceblast
Press: ? - help, Shift-Dir - straight line, f - iron imp, p - kobold demonologist
Aim: an iron imp (summoned)
The mass of ice explodes!
The iceblast engulfs the iron imp.
The iron imp partially resists.
The iron imp is moderately wounded.
The kobold demonologist casts a spell.
Sorry, you're not good enough to have a special ability.
Shoot: a) +2 hand crossbow
Press: ? - help, Q - select action, (/) - cycle Shift-Dir - straight line, f/p - iron imp
Aim: an iron imp (moderately wounded, summoned, expiring, 74% to hit)
Okay, then.
Your +2 hand axe of venom begins to drip with poison!
f - a +2 hand axe of venom (weapon)
The iron imp hits you.
You hit the iron imp. You headbutt the iron imp.
Your punch misses the iron imp.
The iron imp is severely wounded.
The iron imp disappears in a puff of smoke!
The kobold demonologist gestures wildly while chanting.
The kobold demonologist looks braver for a moment.
The shadow imp spits at you.
There is an open door, spattered with blood here.
The kobold demonologist is no longer covered in acid.
The white imp closely misses you. You furiously retaliate!
You headbutt the white imp. The soul eater hits you!!
* * * LOW HITPOINT WARNING * * *
You feel drained.
* * * LOW HITPOINT WARNING * * *
The shadow imp shouts, "Away with thee, thou gorbellied swag-bellied jarkman!"
The soul eater draws from the surrounding life force!
You die...

#.####......########........#
#.###).#.##..#### ###....#.#
##.##...#.###....### #....#..
####.............)....####.#).#..
#.....###############.##...##....
#.....#8≈#....))5#P8#....#.......
#.....#P.#≈≈≈≈≈≈≈#.P#...##..#)#..
#.....#$$#..P≈P..#..#...#...#.#.#
###..©#©.+..P♣≈5@'.©#©....#.#)#.#
##..#$(#..≈≈≈3.#..#..#.##.#.#.#
##.#P.#≈≈≈≈≈≈≈#.P#.##.##.#.#.#
#.#8≈#...5K.5#P8#.##..#...#.#
#.###############.###.......#
#.................# ######...
#..#..##.#####...## ##.#
#.##.###.# ###.##########.#
###.##.##..#######.............


You could see a soul eater (summoned), a kobold demonologist, a white imp
(summoned) and 3 shadow imps.

Vanquished Creatures
  A necrophage (D:4)
  4 scorpions
  2 howler monkeys (D:6)
  4 orc priests (D:6)
  2 hounds
  4 jellies
  2 iguanas (D:6)
  Natasha (twice) (D:3)
  2 orc wizards
  4 gnolls (D:6)
  5 adders
  3 shadow imps (D:6)
  A white imp (D:6)
  2 worms (D:2)
  3 dart slugs
  8 orcs
  An endoplasm (D:1)
  A giant cockroach (D:1)
  6 goblins
  11 hobgoblins
  2 jackals (D:1)
  6 ball pythons
  2 bats (D:2)
  3 frilled lizards (D:1)
  2 kobolds (D:3)
  2 rats
  A butterfly (D:6)
86 creatures vanquished.

Vanquished Creatures (others)
  An orc wizard (D:6)
1 creature vanquished.

Grand Total: 87 creatures vanquished

Notes
Turn   | Place    | Note
-------+----------+-------------------------------------------
     0 | D:1      | jmlagarto the Minotaur Hunter began the quest for the Orb.
     0 | D:1      | Reached XP level 1. HP: 18/18 MP: 0/0
   136 | D:1      | Reached XP level 2. HP: 25/25 MP: 1/1
   329 | D:1      | Reached skill level 5 in Crossbows
   552 | D:2      | Reached skill level 1 in Axes
   552 | D:2      | Reached XP level 3. HP: 25/30 MP: 2/2
  1132 | D:2      | Reached XP level 4. HP: 37/37 MP: 3/3
  1400 | D:3      | Reached skill level 1 in Armour
  1522 | D:3      | Found Geewk's General Store.
  1549 | D:3      | Noticed Natasha
  1555 | D:3      | Killed Natasha
  1556 | D:3      | Reached skill level 6 in Crossbows
  1697 | D:3      | Found Gamnoewo's Armour Shop.
  1810 | D:3      | Identified the +6 hunting sling of Peank {vorpal, Will+}
  2019 | D:3      | Noticed Natasha
  2023 | D:3      | Killed Natasha
  2024 | D:3      | Reached XP level 5. HP: 33/45 MP: 4/4
  2907 | D:5      | Entered Level 5 of the Dungeon
  2911 | D:5      | Reached XP level 6. HP: 51/51 MP: 5/5
  3474 | D:6      | Reached skill level 7 in Crossbows
  3625 | D:6      | Reached XP level 7. HP: 50/59 MP: 6/6
  3685 | D:6      | Found a transporter.
  3690 | D:6      | Noticed a kobold demonologist
  3779 | D:6      | Found a transporter.
  4528 | D:6      | Noticed a chaos spawn
  4532 | D:6      | Noticed a smoke demon
  5104 | D:6      | Found a staircase to the Ecumenical Temple.
  5127 | D:6      | Reached skill level 8 in Crossbows
  5235 | D:6      | Reached XP level 8. HP: 67/67 MP: 7/7
  5388 | D:6      | Noticed a soul eater
  5391 | D:6      | Killed from afar by a soul eater

Illustrated notes

Levels and vault maps discovered:
D:1:      minmay_arrival_open_corners, layout_rooms, minmay_tiny_reverse_x
D:2:      layout_loops_ring
D:3:      cheibrodos_greedy_goblins, layout_loops_ring, serial_shops, shop,
          shop, minmay_misc_feat_tower, uniq_natasha
D:4:      layout_loops_ring
D:5:      layout_basic
D:6:      gammafunk_wand_slinger, layout_rooms, minmay_temple_entry_butterflies,
          abandoned_shop

Skill      XL: |  1  2  3  4  5  6  7 |
---------------+----------------------+-----
Crossbows      | 5 6 7 8 |  8.3
Axes           | 1 2 3 4 |  4.8
Fighting       | 3 4 |  4.9
Armour         | 1 2 3 |  3.2
Dodging        | 3 |  3.3
Stealth        | |  0.7

Action                   |  1- 3 |  4- 6 |  7- 9 || total
-------------------------+-------+-------+-------++-------
Melee: Hand axe          |       |    31 |    38 ||    69
       Headbutt          |       |     5 |     4 ||     9
       Punch             |       |     1 |       ||     1
 Fire: Hand crossbow     |    63 |    90 |    86 ||   239
Evoke: Wand              |       |     1 |     8 ||     9
  Use: Scroll            |       |     5 |     7 ||    12
       Potion            |       |       |     2 ||     2
 Stab: Distracted        |       |     1 |       ||     1
Armor: Leather armour    |     4 |    19 |    16 ||    39
Dodge: Dodged            |    17 |    42 |    29 ||    88

Table legend: (Time is in decaauts)
 A = Elapsed time spent in this place.
 B = Non-inter-level travel time spent in this place.
 C = Inter-level travel time spent in this place.
 D = Time resting spent in this place.
 E = Time spent auto-exploring this place.
 F = Levels seen in this place.
 G = Mean time per level.
                   A        B        C        D        E       F      G
               +--------+--------+--------+--------+--------+-----+--------+
         Total |   5429 |   5310 |    119 |      0 |   4499 |   6 |  904.8 |
       Dungeon |   5429 |   5310 |    119 |      0 |   4499 |   6 |  904.8 |
               +--------+--------+--------+--------+--------+-----+--------+

Top non-repeatable levels by time:
     D:6: 1969 daAuts
     D:3: 922 daAuts
     D:2: 805 daAuts
     D:4: 687 daAuts
     D:5: 526 daAuts
     D:1: 518 daAuts
